 Dungeon Crawl Stone Soup version 0.27.1-1-g398f81649c (webtiles) character file.

Game seed: 6732631649770944690

91 Kala the Shield-Bearer (level 4, -2/42 HPs)
             Began as a Deep Dwarf Fighter on Sept 6, 2021.
             Slain by a hound (3 damage)
             ... on level 2 of the Dungeon.
             The game lasted 00:04:59 (896 turns).

Kala the Shield-Bearer (Deep Dwarf Fighter)          Turns: 896, Time: 00:04:59

Health: -2/42      AC:  7    Str: 19 (21) XL:     4   Next: 34%
Magic:  4/4        EV:  7    Int:  7 (8)  God:
Gold:   72         SH:  9    Dex:  9 (12) Spells: 3/3 levels left

rFire    . . .     SeeInvis .   a - +0 war axe
rCold    . . .     Faith    .   c - +0 kite shield
rNeg     . . .     Spirit   .   b - +0 scale mail
rPois    .         Reflect  .   (no helmet)
rElec    .         Harm     .   (no cloak)
rCorr    .         Rampage  .   (no gloves)
Will     .....                  (no boots)
Stlth    ..........             (no amulet)
HPRegen  0.00/turn              (no ring)
MPRegen  0.09/turn              (no ring)

@: hasted, very quick
A: damage resistance, heal wounds, sense surroundings 1, no regeneration
a: Heal Wounds


You were on level 2 of the Dungeon.
You visited 1 branch of the dungeon, and saw 2 of its levels.

You collected 72 gold pieces.

Inventory:

Hand Weapons
 a - a +0 war axe (weapon)
Armour
 b - a +0 scale mail (worn)
 c - a +0 kite shield (worn)
Scrolls
 i - a scroll of enchant weapon {unknown}
 j - a scroll of noise {unknown}
 k - a scroll of teleportation {unknown}
Potions
 d - a potion of might
 e - a potion of flight
 h - 2 potions of brilliance


   Skills:
 + Level 3.0 Fighting
 * Level 3.3 Axes
 + Level 3.8 Armour
 + Level 1.0 Dodging
 + Level 3.9 Shields
 + Level 1.3 Invocations


You had 3 spell levels left.
You didn't know any spells.
Your spell library contained the following spells:

 Spells                   Type           Power      Damage    Failure   Level
 Sandblast                Erth           0%         2d4       99%         1
 Passwall                 Tmut/Erth      0%         N/A       100%        2
 Summon Guardian Golem    Hex/Summ       0%         N/A       100%        3
 Passage of Golubria      Tloc           N/A        N/A       100%        4
 Lee's Rapid Deconstruct  Erth           0%         3d5*      100%        5
 Silence                  Hex/Air        0%         N/A       100%        5
 Orb of Destruction       Conj           0%         N/A       100%        7
 Spellforged Servitor     Conj/Summ      0%         N/A       100%        7
 Lehudib's Crystal Spear  Conj/Erth      0%         10d2      100%        8


Dungeon Overview and Level Annotations

Branches:
Dungeon (2/15)

Altars:


Innate Abilities, Weirdness & Mutations

You are resistant to damage.
You can heal yourself by infusing magical energy.
You passively map a small area around you.
You do not regenerate.


Message History

You hit the goblin.
You kill the goblin!
You block the goblin's attack. The hobgoblin hits you.
The goblin hits you but does no damage.
You slash the hobgoblin!
You kill the hobgoblin!
You closely miss the goblin. The goblin hits you but does no damage.
You slash the goblin!
You kill the goblin!
It was a potion of cancellation.
You feel magically purged.
It was a potion of haste.
You feel yourself speed up.
It was a potion of degeneration.
There was something very wrong with that liquid.
You feel weakened.
You feel dopey.
You feel clumsy.
Items here: ( ))))) [[ †.
Things that are here:
a +0 club; a goblin corpse You see here a +0 club.
Things that are here:
a +0 club; a +0 dagger A hobgoblin comes into view.
You are too injured to fight recklessly!
Found an escape hatch in the ceiling.
You hit the hobgoblin.
The hobgoblin is heavily wounded.
The hobgoblin hits you.
You closely miss the hobgoblin.
The hobgoblin is moderately wounded.
A hound comes into view.
You block the hobgoblin's attack.
The hound barks!
You slash the hobgoblin!
You kill the hobgoblin!
You closely miss the hound. The hound barely misses you.
You slash the hound!
The hound is severely wounded.
The hound bites you.
* * * LOW HITPOINT WARNING * * *
The hound bites you.
You die...

#...###..# *
#...# #..# * *
##..###.##
#)))...### * *
#).).....# * , *
#)##.###.#*, *
#.##.# #.# # ,
#.##.###.##.#
#.##.#...@h.#
#.##.#.#.#.<# ,*
, #.##...........
#.####...#..###..
* , .......#.
.......###., *
*#####..# #. *
#.# #.


You could see a hound.

Vanquished Creatures
  Robin (D:2)
  3 adders (D:2)
  A worm (D:2)
  4 bats
  5 endoplasms
  14 goblins
  5 hobgoblins (D:2)
  3 kobolds (D:1)
  4 quokkas (D:1)
  4 frilled lizards
  4 rats
48 creatures vanquished.

Notes
Turn   | Place    | Note
-------+----------+-------------------------------------------
     0 | D:1      | Kala the Deep Dwarf Fighter began the quest for the Orb.
     0 | D:1      | Reached XP level 1. HP: 20/20 MP: 1/1
   133 | D:1      | Reached XP level 2. HP: 16/27 MP: 2/2
   202 | D:1      | Noticed a floating eye
   205 | D:1      | Found a faded altar of an unknown god.
   206 | D:1      | Noticed a shining eye
   206 | D:1      | Noticed a great orb of eyes
   206 | D:1      | Noticed a great orb of eyes
   578 | D:2      | Reached XP level 3. HP: 18/33 MP: 3/3
   853 | D:2      | Noticed Robin
   857 | D:2      | Reached XP level 4. HP: 8/42 MP: 4/4
   860 | D:2      | Reached skill level 1 in Invocations
   864 | D:2      | Killed Robin
   865 | D:2      | Reached skill level 1 in Dodging
   896 | D:2      | HP: 1/42 [hound (2)]
   896 | D:2      | Slain by a hound

Illustrated notes

Levels and vault maps discovered:
D:1:      co_arrival_square_in_a_square_in_a_square, layout_basic,
          hellmonk_ecumenical_altar_watching_god
D:2:      layout_loops_ring, serial_bayou_crossing, uniq_robin

Skill      XL: |  1  2  3  4 |
---------------+-------------+-----
Axes           | 3 |  3.3
Fighting       | 3 |  3.0
Invocations    | 1 |  1.3
Dodging        | 1 |  1.0
Armour         | |  3.8
Shields        | |  3.9

Action                   |  1- 3 |  4- 6 || total
-------------------------+-------+-------++-------
Melee: War axe           |   103 |    19 ||   122
  Use: Scroll            |     2 |       ||     2
       Potion            |       |     3 ||     3
Armor: Scale mail        |    44 |    14 ||    58
Dodge: Dodged            |    32 |     4 ||    36
Block: Kite shield       |    69 |     9 ||    78
